 Dungeon Sprint DCSS version 0.31-a0-486-g8d68a81214 (webtiles) character file.

Game seed: 9926829636632393147

165 rocky1 the Changeling (level 5, -5/34 HPs)
             Began as an Octopode Shapeshifter on Aug 8, 2023.
             Was an Initiate of Gozag.
             Slain by a gargoyle
             ... wielding a +1 mace of venom
              (23 damage)
             ... in the Dungeon (Sprint IX: "|||||||||||||||||||||||||||||").
             The game lasted 00:01:24 (575 turns).

rocky1 the Changeling (Octopode Shapeshifter)        Turns: 575, Time: 00:01:25

Health: -5/34      AC:  5    Str: 14    XL:     5   Next: 46%
Magic:  5/5        EV: 14    Int: 13    God:    Gozag
Gold:   0          SH:  0    Dex: 12    Spells: 4/4 levels left

rFire   . .          .
                       - Unarmed
rCold   . . .        (no shield)
rNeg    . . .        (helmet currently unavailable)
rPois   .            (no amulet)
rElec   .            k - +2 ring of protection
rCorr   .            l - +2 ring of protection
SInv    .            (no ring)
Will    .....        (no ring)
Stlth   ++           (no ring)
HPRegen 0.25/turn    (no ring)
MPRegen 0.09/turn    (no ring)
                     (no ring)

%: no teleportation
@: lethally poisoned (-5 -> -13), beast-form, gold aura
A: beast (slay +4), almost no armour, amphibious, 8 rings, camouflage 1,
gelatinous body 1, (nimble swimmer 1), tentacles
a: Begin Untransformation, Renounce Religion, Potion Petition, Call Merchant,
Bribe Branch


You were in the Dungeon.
You worshipped Gozag.
Gozag was noncommittal.
You were a hulking beast.
You visited 1 branch

Inventory:

Jewellery
 k - a +2 ring of protection (left tentacle)
 l - a +2 ring of protection (right tentacle)
Talismans
 b - a beast talisman (active)
Wands
 j - a wand of quicksilver (7)
Scrolls
 h - 2 scrolls of blinking
 i - 2 scrolls of amnesia
Potions
 a - a potion of lignification
 c - 5 potions of curing
 d - a potion of invisibility
 e - a potion of haste
 f - 4 potions of magic
 g - a potion of heal wounds


   Skills:
 + Level 2.0 Fighting
 + Level 4.2 Dodging
 + Level 0.8 Stealth
 + Level 6.9 Unarmed Combat
 + Level 0.1 Evocations
 + Level 6.9 Shapeshifting


You had 4 spell levels left.
You didn't know any spells.
Your spell library was empty.

Dungeon Overview and Level Annotations

Branches:
Dungeon (1/1)

Altars:
Cheibriados
Dithmenos
Elyvilon
Fedhas
Gozag
Hepliaklqana
Kikubaaqudgha
Makhleb
Nemelex Xobeh
Okawaru
Qazlal
Ru
Sif Muna
Trog
Uskayaw
Vehumet
Wu Jian
Xom
Yredelemnul
Zin
The Shining One
Jiyva
Lugonu


Innate Abilities, Weirdness & Mutations

You are a hulking beast.
Your limbs bulge with bestial killing power. (Slay +4)
You cannot wear most types of armour.
You are amphibious.
You can wear up to eight rings at the same time.
Your skin changes colour to match your surroundings (Stealth+).
Your rubbery body absorbs attacks. (AC +1, EV +1)
((You are camouflaged when in or above water. (Stealth+)))
You have tentacles for arms and can constrict up to eight enemies at once.


Message History

Aim: a gargoyle, wielding a +1 mace of venom (lightly damaged, 86% to hit)
The bolt of dispelling energy misses the gargoyle.
The bolt of dispelling energy hits the kobold brigand.
The kobold brigand is almost dead.
The bolt of dispelling energy hits the kobold brigand!
The kobold brigand is heavily wounded.
The bolt of dispelling energy misses the gnoll sergeant.
The bolt of dispelling energy hits the yak!!
The yak is heavily wounded.
The gargoyle hurls a stone arrow at you.
The stone arrow hits you.
Aiming: Quicksilver Bolt
Press: ? - help, Shift-Dir - straight line, f/p - gargoyle
Aim: a gargoyle, wielding a +1 mace of venom (lightly damaged, 86% to hit)
The bolt of dispelling energy misses the gargoyle.
The bolt of dispelling energy misses the kobold brigand.
The bolt of dispelling energy hits something!
Reactivating autopickup.
You feel a bit more experienced.
The bolt of dispelling energy hits the kobold brigand!
The kobold brigand is almost dead.
The bolt of dispelling energy hits the gnoll sergeant.
The gnoll sergeant is severely wounded.
The bolt of dispelling energy hits the yak!
The yak is almost dead.
The gargoyle closely misses you.
Your Fighting skill increases to level 2!
Unknown command.
Unknown command.
You feel much better.
The gargoyle hits you with a +1 mace of venom!
You are poisoned.
You tentacle-slap the gargoyle. You grab the gargoyle.
The gargoyle is moderately damaged.
You constrict the gargoyle, but do no damage.
You feel very sick.
The gargoyle hits you with a +1 mace of venom!!
Ouch! That really hurt!
You die...
Your body crumbles into a pile of gold. $$$$$ $ $ $ $$$$$ $$$$$ $ ▓▓▓▓▓▓▓▓▓▓▓▓▓▓▓▓▓▓▓▓▓▓▓▓ +.YgKK9h..[[[.)..'______ ▓▓▓▓▓▓▓▓▓▓▓▓▓▓▓▓▓▓▓▓▓▓▓▓

You could see a yak, a gargoyle, 2 kobold brigands and a gnoll sergeant.

Vanquished Creatures
  A centaur (D)
  A sleepcap (D)
  An iguana (D)
  An orc wizard (D)
  2 orcs (D)
  2 hobgoblins (D)
  A frilled lizard (D)
  2 rats (D)
11 creatures vanquished.

Notes
Turn   | Place    | Note
-------+----------+-------------------------------------------
     0 | D        | rocky1 the Octopode Shapeshifter began the quest for the
                  | Orb.
     0 | D        | Reached XP level 1. HP: 13/13 MP: 1/1
   119 | D        | Noticed an iguana
   119 | D        | Noticed a centaur
   119 | D        | Noticed a sleepcap
   128 | D        | Killed a sleepcap
   129 | D        | Reached XP level 2. HP: 16/18 MP: 2/2
   129 | D        | Reached XP level 3. HP: 20/23 MP: 3/3
   136 | D        | Killed a centaur
   137 | D        | Reached XP level 4. HP: 21/29 MP: 4/4
   141 | D        | Reached XP level 5. HP: 13/34 MP: 5/5
   516 | D        | Found a snail-covered altar of Cheibriados.
   516 | D        | Found a shadowy altar of Dithmenos.
   516 | D        | Found a white marble altar of Elyvilon.
   516 | D        | Found a blossoming altar of Fedhas.
   516 | D        | Found an opulent altar of Gozag.
   517 | D        | Found a hazy altar of Hepliaklqana.
   518 | D        | Found a viscous altar of Jiyva.
   519 | D        | Found an ancient bone altar of Kikubaaqudgha.
   520 | D        | Found a corrupted altar of Lugonu.
   521 | D        | Found a burning altar of Makhleb.
   522 | D        | Found a sparkling altar of Nemelex Xobeh.
   523 | D        | Found an iron altar of Okawaru.
   524 | D        | Found a stormy altar of Qazlal.
   525 | D        | Found a sacrificial altar of Ru.
   528 | D        | Became a worshipper of Gozag Ym Sagoz the Greedy
   531 | D        | Found a shimmering blue altar of Sif Muna.
   532 | D        | Found a bloodstained altar of Trog.
   533 | D        | Found a hide-covered altar of Uskayaw.
   534 | D        | Found a radiant altar of Vehumet.
   535 | D        | Found an ornate altar of the Wu Jian Council.
   536 | D        | Found a shimmering altar of Xom.
   537 | D        | Found a basalt altar of Yredelemnul.
   538 | D        | Found a glowing silver altar of Zin.
   539 | D        | Found a glowing golden altar of the Shining One.
   569 | D        | Noticed a yak
   569 | D        | Noticed a kobold brigand
   569 | D        | Noticed a kobold brigand
   569 | D        | Noticed a gargoyle
   575 | D        | Slain by a gargoyle

Illustrated notes

Levels and vault maps discovered:
D:        linesprint [early_d, line_temple, items_1, d_10, items_2, lair_1,
          lair_end, items_3, orc_1, orc_end, items_4, d_15, swamp_1, shoals_1,
          snake_1, spider_1, d_20, vaults_1, items_5, swamp_end, shoals_end,
          snake_end, spider_end, vaults_end, d_27, items_6, zot_1, zot_end,
          crypt_end, forest_end, elf_end, slime_end, tomb_end, abyss_end,
          pan_hell_end]

Skill      XL: |  1  2  3  4  5 |
---------------+----------------+-----
Unarmed Combat | 4 6 |  6.9
Shapeshifting  | 4 6 |  6.9
Dodging        | 3 4 |  4.2
Fighting       | 2 |  2.0
Stealth        | |  0.8
Evocations     | |  0.1

Action                     |  1- 3 |  4- 6 || total
---------------------------+-------+-------++-------
  Melee: Unarmed           |    20 |     9 ||    29
         Constrict         |     4 |     3 ||     7
         Tentacles         |     3 |     2 ||     5
         Punch             |     1 |     1 ||     2
  Evoke: Wand              |       |     3 ||     3
    Use: Potion            |     2 |     1 ||     3
 Armour: Skin              |     2 |     1 ||     3
  Dodge: Dodged            |    12 |     6 ||    18

Table legend: (Time is in decaauts)
 A = Elapsed time spent in this place.
 B = Non-inter-level travel time spent in this place.
 C = Inter-level travel time spent in this place.
 D = Time resting spent in this place.
 E = Time spent auto-exploring this place.
 F = Levels seen in this place.
 G = Mean time per level.
                   A        B        C        D        E       F      G
               +--------+--------+--------+--------+--------+-----+--------+
         Total |    578 |    578 |      0 |    477 |      0 |   1 |  578.0 |
       Dungeon |    578 |    578 |      0 |    477 |      0 |   1 |  578.0 |
               +--------+--------+--------+--------+--------+-----+--------+

Top non-repeatable levels by time:
       D: 578 daAuts
